 Dungeon Crawl Stone Soup version 0.26-a0-639-g72c4674329 (webtiles) character file.

Game seed: 17860554970559516175

294560 Flugslaktarn the Severer (level 19, -4/289 HPs)
             Began as a Deep Dwarf Fighter on Sept 24, 2020.
             Was the Champion of Makhleb.
             Slain by a green draconian monk (9 damage)
             ... on level 1 of the Realm of Zot.
             The game lasted 00:21:52 (20413 turns).

Flugslaktarn the Severer (Deep Dwarf Fighter)      Turns: 20413, Time: 00:21:52

Health: -4/289     AC: 33    Str: 25 (26) XL:     19   Next: 61%
Magic:  0/10       EV: 10    Int:  3      God:    Makhleb [******]
Gold:   2186       SH: 20    Dex: 12      Spells: 18/18 levels left

rFire    + + .     SeeInvis .   l - +2 broad axe (venom)
rCold    . . .     Faith    .   T - +0 tower shield
rNeg     + . .     Spirit   .   J - +5 plate armour of Caxish {rElec rPois rCorr Int-4}
rPois    +         Reflect  .   G - +2 helmet
rElec    +         Harm     .   b - +2 cloak
rCorr    +         Rampage  .   v - +1 pair of gloves
MR       ++...                  M - +0 pair of boots
Stlth    ..........             I - amulet "Zyuqoip" {Acrobat rF+ Int-4 Stlth+}
HPRegen  0.00/turn              o - ring of poison resistance
MPRegen  0.12/turn              f - ring of protection from fire

@: berserking (expiring), non-regenerating, slowed, lightly drained
A: damage resistance, heal wounds, negative energy resistance 1, sense
surroundings 3, no regeneration
}: 3/15 runes: decaying, serpentine, abyssal
a: Heal Wounds, Minor Destruction, Lesser Servant of Makhleb, Major Destruction,
Greater Servant of Makhleb, Renounce Religion


You were on level 1 of the Realm of Zot.
You worshipped Makhleb.
Makhleb was exalted by your worship.
You visited 7 branches of the dungeon, and saw 34 of its levels.
You visited the Abyss 1 time.
You also visited: Gauntlet and Ice Cave.

You collected 2186 gold pieces.

Inventory:

Hand Weapons
 l - a +2 broad axe of venom (weapon)
   (You found it on level 15 of the Dungeon)
Armour
 b - a +2 cloak (worn)
   (You found it on level 3 of the Dungeon)
 v - a +1 pair of gloves (worn)
   (You found it on level 3 of the Dungeon)
 y - a scarf of resistance
   (You found it on level 12 of the Dungeon)
 G - a +2 helmet (worn)
   (You took it off Robin on level 2 of the Dungeon)
 J - the +5 plate armour of Caxish (worn) {rElec rPois rCorr Int-4}
   (You found it on level 4 of the Depths)

   It affects your intelligence (-4).
   It insulates you from electricity.
   It protects you from poison.
   It provides partial protection from all sources of acid and corrosion.
 M - a +0 pair of boots (worn)
   (You found it on level 11 of the Dungeon)
 T - a +0 tower shield (worn)
   (You took it off a vault guard on level 14 of the Dungeon)
Jewellery
 f - a ring of protection from fire (right hand)
   (You found it on level 10 of the Dungeon)
 j - an uncursed ring of protection from fire
   (You found it on level 2 of the Depths)
 k - an uncursed ring of resist corrosion
   (You found it on level 5 of the Dungeon)
 o - a ring of poison resistance (left hand)
   (You found it on level 9 of the Dungeon)
 I - the amulet "Zyuqoip" (around neck) {Acrobat rF+ Int-4 Stlth+}
   (You took it off a minotaur in a Gauntlet)

   [amulet of the acrobat]

   It helps you evade while moving and waiting.
   It affects your intelligence (-4).
   It protects you from fire.
   It makes you more stealthy.
Wands
 a - a wand of paralysis (33)
   (You found it on level 6 of the Dungeon)
 c - a wand of iceblast (13)
   (You took it off a gnoll on level 8 of the Dungeon)
 E - a wand of acid (2)
   (You took it off Maurice on level 13 of the Dungeon)
 H - a wand of enslavement (38)
   (You found it on level 9 of the Dungeon)
 S - a wand of digging (13)
   (You took it off Dowan on level 7 of the Dungeon)
Scrolls
 i - 9 scrolls of fog
 p - 9 scrolls of magic mapping
 r - a scroll of identify
 s - 4 scrolls of fear
 t - 9 scrolls of teleportation
 x - 20 scrolls of remove curse
 z - a scroll of brand weapon
 O - 3 scrolls of summoning
 Q - a scroll of silence
Potions
 d - a potion of might
 e - a potion of mutation
 g - 3 potions of lignification
 h - 2 potions of brilliance
 m - a potion of berserk rage
 n - 3 potions of resistance
 q - 3 potions of curing
 u - 2 potions of cancellation
 w - 4 potions of heal wounds
 A - 3 potions of degeneration
 B - 5 potions of magic
 D - 3 potions of flight
 L - 7 potions of ambrosia
 N - 4 potions of haste
 R - a potion of invisibility {unknown}
Miscellaneous
 C - a tin of tremorstones (3/3)
   (You found it on level 12 of the Dungeon)


   Skills:
 * Level 17.4(17.1) Fighting
 - Level 18.0(17.7) Axes
 + Level 15.1(14.8) Armour
 - Level 11.0(10.7) Dodging
 + Level 15.0(14.7) Shields
 - Level 15.0(14.7) Invocations
 - Level 10.0(9.7) Evocations


You had 18 spell levels left.
You didn't know any spells.
Your spell library was empty.

Dungeon Overview and Level Annotations

Branches:
Dungeon (15/15)            Temple (1/1) D:5            Lair (4/6) D:8
  Swamp (4/4) Lair:3        Snake (4/4) Lair:4          Orc (0/2) D:12
 Vaults (0/5) D:14         Depths (5/5) D:15            Zot (1/5) Depths:5
  IceCv (visited)         Gauntlet (visited)

Altars:
Ashenzari
Cheibriados
Dithmenos
Elyvilon
Fedhas
Gozag
Hepliaklqana
Kikubaaqudgha
Makhleb
Nemelex Xobeh
Okawaru
Qazlal
Ru
Sif Muna
Trog
Uskayaw
Vehumet
Wu Jian
Xom
Yredelemnul
Zin
The Shining One

Shops:
D:8 =   D:10 (   Snake:4 (   Depths:1 *

Portals:
Hell: Depths:3
Abyss: Depths:4
Ziggurat: Depths:1

Annotations:
D:6 Prince Ribbit
Depths:1 exclusions: angel, daeva, fire dragon and 3 more exclusions


Innate Abilities, Weirdness & Mutations

You are resistant to damage.
You can heal yourself by infusing magical energy.
You resist negative energy. (rN+)
You passively map a large area around you.
You do not regenerate.


Message History

The death cob drains your vigour!
You feel as though you will be slow longer.
The green draconian monk barely misses you. x2
The green draconian monk closely misses you.
The green draconian monk misses you. You block the storm dragon's attack.
The storm dragon claws you but does no damage.
The storm dragon closely misses you.
A black draconian comes into view. It is wielding a +0 scimitar.
The black draconian roars!
You hit the storm dragon.
The storm dragon is heavily wounded.
You barely miss the death cob. You slice the green draconian monk!!
The death cob hits you but does no damage.
You feel you are being watched by something.
You block the death cob's attack.
You block the green draconian monk's attack.
The green draconian monk kicks you but does no damage.
The green draconian monk closely misses you.
The green draconian monk tail-slaps you!
You die...

* , * , , , , *, , *
, ....... ...# , * ,
,,..... #$..# , , ,,
, .... ##....### , ,
, ##...*##........ ,
* , * ,
##..X###......... ,
, ,
..##....##........#
, ** ,,
........†z.......#**
* .......@Dyd..†..#
* , *
*.......qz##d∩..##*
* ...###..###...## ,
,*, , * .
#..###.....#,, , ,
*#..# #q....... , ,
#.y# #........## , ,
.... #........## ,,,
.............## ,**
*, , ,...##...##


You could see a tentacled monstrosity, a green draconian monk (berserk), a storm
dragon (berserk, extremely poisoned), a black draconian, a white draconian, 2
death cobs and 2 moths of wrath.

Vanquished Creatures
  Mennas (Depths:5)
  3 juggernauts
  Nikola (Snake:2)
  Jory (Depths:5)
  A lich (Depths:5)
  Rupert (D:14)
  A titan (Depths:4)
  2 quicksilver dragons
  A sphinx (Depths:4)
  3 shadow dragons (Depths:5)
  3 storm dragons
  6 nagarajas
  A tengu reaver (Depths:4)
  A ghost moth (Zot:1)
  A fire giant (Depths:4)
  2 frost giants (Depths:5)
  A draconian stormcaller (Depths:5)
  A balrug (Abyss:3)
  8 stone giants
  A war gargoyle (Abyss:3)
  2 vampire knights
  19 very ugly things
  Nessos (D:13)
  3 black draconians (Depths:5)
  A white draconian (Depths:5)
  A yellow draconian (Depths:5)
  A minotaur (Gauntlet)
  10 spark wasps
  A purple draconian (Depths:5)
  A merfolk javelineer (Depths:4)
  A death ooze (Gauntlet)
  4 ettins
  6 fire dragons
  Josephine (D:10)
  A deep elf high priest (Depths:4)
  4 great orbs of eyes
  A yaktaur captain (Depths:1)
  5 ice dragons
  11 hydras
  4 vault guards (D:14)
  2 shambling mangroves
  9 naga warriors
  A hell beast (Depths:3)
  A spriggan air mage (Depths:5)
  5 catoblepae
  14 two-headed ogres
  7 alligators
  5 anacondas
  3 ogre magi (Depths:1)
  4 centaur warriors
  5 deep troll shamans
  2 thrashing horrors
  6 tengu warriors
  A deep troll earth mage (Depths:1)
  4 spriggan berserkers (Depths:4)
  9 naga sharpshooters (Snake:4)
  A wretched star (Abyss:3)
  2 shock serpents
  3 sun demons (Abyss:3)
  3 iron trolls
  3 salamander mystics
  2 fire crabs (Swamp:4)
  A death drake (Abyss:3)
  A sea snake (shapeshifter) (Depths:5)
  2 spriggan druids (Swamp:4)
  8 deep trolls
  An unseen horror (D:15)
  2 skeletal warriors (D:15)
  8 swamp dragons
  2 flayed ghosts
  A glowing orange brain (Depths:1)
  6 naga ritualists
  A phantasmal warrior (D:15)
  A lindwurm (Swamp:4)
  3 mana vipers
  A necromancer (D:15)
  30 ugly things
  4 deep elf magi
  5 cyclopes
  6 salamanders
  2 stone giant zombies (D:15)
  Maurice (D:13)
  6 elephants (Lair:2)
  2 moths of wrath (Zot:1)
  A worldbinder (Gauntlet)
  A rust devil (Depths:3)
  A centaur zombie (D:15)
  A frost giant skeleton (D:15)
  Joseph (D:9)
  18 black mambas
  9 cane toads
  2 guardian serpents (Snake:4)
  22 naga magi
  6 gargoyles
  A kobold demonologist (D:14)
  5 rime drakes (Lair:3)
  5 catoblepas skeletons (Abyss:3)
  4 yaktaurs
  An ice devil (Depths:3)
  An anaconda simulacrum (IceCv)
  5 komodo dragons
  A spriggan zombie (D:15)
  A red devil (Abyss:3)
  6 tengu conjurers
  4 trolls
  10 hornets
  7 tyrant leeches
  A polar bear (Lair:4)
  A raiju (shapeshifter) (Depths:1)
  18 slime creatures
  4 bog bodies
  3 flying skulls (Depths:3)
  11 hippogriffs
  3 air elementals (Abyss:3)
  3 water elementals (Depths:4)
  4 wyverns
  A ynoxinul (Abyss:3)
  4 shadows
  6 wraiths
  6 spriggans
  2 dire elephant simulacra (IceCv)
  20 yaks
  A vampire (D:12)
  A large abomination (Abyss:3)
  3 basilisks
  12 steam dragons
  9 vampire mosquitoes
  A harpy simulacrum (IceCv)
  7 insubstantial wisps
  11 swamp worms
  32 nagas
  A swamp worm (shapeshifter) (Depths:1)
  An acid dragon (Lair:3)
  A hydra simulacrum (IceCv)
  9 water moccasins
  3 porcupines
  Duvessa (D:7)
  A hell hound (Depths:3)
  10 ice beasts
  9 swamp drakes
  3 sky beasts
  A black bear (D:5)
  2 phantoms
  6 orc warriors
  A manticore zombie (Abyss:3)
  2 necrophages
  17 centaurs
  13 ogres
  3 boggarts (Gauntlet)
  7 wolves
  8 crocodiles
  11 big kobolds
  10 bullfrogs
  A gnoll sergeant (D:12)
  12 earth elementals
  Dowan (D:7)
  A wyvern zombie (D:12)
  A wyvern skeleton (D:14)
  3 scorpions
  5 killer bees (D:13)
  24 wights
  An electric eel (D:15)
  3 howler monkeys (D:12)
  A quasit (D:12)
  2 bullfrog zombies
  9 orc priests
  7 hounds
  6 jellies
  21 orc wizards
  4 centaur skeletons
  Terence (D:2)
  2 iguanas
  12 worker ants
  A killer bee zombie (D:8)
  2 hound zombies
  A hound skeleton (D:11)
  Robin (D:2)
  5 gnolls
  15 adders
  A shadow imp (D:8)
  5 white imps
  2 ufetubi
  An adder skeleton (D:5)
  2 worms
  4 dart slugs
  10 leopard geckos
  54 orcs
  4 ball pythons
  4 giant cockroaches
  13 goblins
  14 hobgoblins
  16 jackals
  25 kobolds
  6 quokkas
  8 bats
  5 frilled lizards
  2 jackal skeletons
  2 leopard gecko zombies (D:5)
  A quokka skeleton (D:5)
  7 rats
1029 creatures vanquished.

Vanquished Creatures (collateral kills)
  A golden dragon (Depths:5)
  A nagaraja (Snake:4)
  A fire giant (Depths:5)
  A white draconian (Depths:5)
  A deep elf high priest (Depths:5)
  A hydra (Lair:4)
  A naga sharpshooter (Snake:4)
  A naga mage (Snake:4)
  2 rime drakes (Lair:3)
  A water moccasin (Lair:3)
11 creatures vanquished.

Vanquished Creatures (others)
  A lich (Abyss:3)
  A thrashing horror (Abyss:3)
  An unseen horror (D:14)
  An ugly thing (D:15)
  A naga mage (Snake:4)
  A black mamba (Snake:4)
  A slime creature (Depths:1)
  A steam dragon (Lair:3)
  2 vampire mosquitoes (Swamp:4)
  A naga (Snake:3)
  2 swamp worms
  5 swamp drakes (Swamp:4)
  An orc (D:5)
  A briar patch (Swamp:4)
  21 demonic plants (Gauntlet)
  12 fungi
  23 plants
  7 withered plants (D:15)
83 creatures vanquished.

Grand Total: 1123 creatures vanquished

Notes
Turn   | Place    | Note
-------+----------+-------------------------------------------
     0 | D:1      | Flugslaktarn the Deep Dwarf Fighter began the quest for the
                  | Orb.
     0 | D:1      | Reached XP level 1. HP: 20/20 MP: 1/1
    72 | D:1      | Reached XP level 2. HP: 24/27 MP: 2/2
   520 | D:1      | Reached XP level 3. HP: 26/34 MP: 3/3
   575 | D:2      | Reached skill level 3 in Axes
   589 | D:2      | Noticed Terence
   604 | D:2      | Killed Terence
   604 | D:2      | Reached XP level 4. HP: 27/42 MP: 4/4
   783 | D:2      | Noticed Robin
   793 | D:2      | Killed Robin
   899 | D:3      | Reached XP level 5. HP: 26/49 MP: 5/5
  1053 | D:3      | Found an iron altar of Okawaru.
  1160 | D:4      | Reached skill level 4 in Axes
  1235 | D:4      | Noticed an ogre
  1241 | D:4      | Killed an ogre
  1241 | D:4      | Reached XP level 6. HP: 34/57 MP: 5/5
  1269 | D:4      | Found an ancient bone altar of Kikubaaqudgha.
  1400 | D:4      | Reached skill level 5 in Axes
  1557 | D:4      | Reached XP level 7. HP: 38/66 MP: 6/6
  1596 | D:5      | Entered Level 5 of the Dungeon
  1692 | D:5      | Reached skill level 5 in Fighting
  1692 | D:5      | Reached skill level 5 in Armour
  1702 | D:5      | Reached skill level 5 in Shields
  1741 | D:5      | Reached skill level 6 in Axes
  1758 | D:5      | Found a staircase to the Ecumenical Temple.
  1781 | Temple   | Entered the Ecumenical Temple
  1834 | Temple   | Became a worshipper of Makhleb the Destroyer
  1879 | D:5      | Found a basalt altar of Yredelemnul.
  1879 | D:5      | Found a radiant altar of Vehumet.
  2231 | D:5      | Reached skill level 1 in Invocations
  2231 | D:5      | Reached XP level 8. HP: 33/75 MP: 5/5
  2242 | D:5      | Found a shimmering altar of Xom.
  2586 | D:6      | Noticed Prince Ribbit
  2609 | D:6      | Found a sparkling altar of Nemelex Xobeh.
  2709 | D:6      | Reached * piety under Makhleb
  2709 | D:6      | Reached skill level 1 in Evocations
  2796 | D:6      | Reached skill level 7 in Axes
  2815 | D:6      | Found a blossoming altar of Fedhas.
  3150 | D:7      | Noticed Duvessa
  3152 | D:7      | Noticed Dowan
  3169 | D:7      | Killed Duvessa
  3181 | D:7      | Killed Dowan
  3249 | D:7      | Gained mutation: You passively map the area around you.
                  | [Deep Dwarf growth]
  3249 | D:7      | Reached XP level 9. HP: 62/85 MP: 8/8
  3387 | D:7      | Found a shattered altar of Ashenzari.
  3472 | D:7      | Reached ** piety under Makhleb
  3879 | D:8      | Found Uruzan's Jewellery Emporium.
  3893 | D:8      | Reached skill level 8 in Axes
  3904 | D:8      | Found a staircase to the Lair.
  4485 | D:9      | Found a shimmering altar of Xom.
  4486 | D:9      | Found a hazy altar of Hepliaklqana.
  4487 | D:9      | Noticed a spectral ugly thing
  4554 | D:9      | Reached skill level 5 in Invocations
  4586 | D:9      | Reached XP level 10. HP: 35/94 MP: 10/10
  4617 | D:9      | Noticed Joseph
  4640 | D:9      | Killed Joseph
  4765 | D:9      | Reached *** piety under Makhleb
  4770 | D:9      | Found an opulent altar of Gozag.
  4781 | D:9      | Reached skill level 9 in Axes
  4881 | D:9      | Found an ornate altar of the Wu Jian Council.
  5098 | D:9      | Found a snail-covered altar of Cheibriados.
  5342 | D:10     | Entered Level 10 of the Dungeon
  5358 | D:10     | You fall into a shaft and drop 2 floors!
  5358 | D:12     | Found an ornate altar of the Wu Jian Council.
  5358 | D:12     | Noticed a cyan ugly thing
  5358 | D:12     | Noticed a cyclops
  5379 | D:12     | Killed a cyan ugly thing
  5379 | D:12     | Reached skill level 5 in Evocations
  5380 | D:12     | Killed a cyclops
  5453 | D:12     | Found a staircase to the Orcish Mines.
  5555 | D:12     | Reached skill level 10 in Axes
  5562 | D:12     | Noticed a two-headed ogre
  5576 | D:12     | Killed a two-headed ogre
  5576 | D:12     | Reached XP level 11. HP: 104/104 MP: 7/9
  5579 | D:12     | Reached **** piety under Makhleb
  5580 | D:12     | Noticed a brown ugly thing
  5581 | D:12     | Noticed a two-headed ogre
  5596 | D:12     | Killed a two-headed ogre
  5610 | D:12     | Killed a brown ugly thing
  5925 | D:11     | Noticed a green ugly thing
  5942 | D:11     | Killed a green ugly thing
  6172 | D:11     | Reached ***** piety under Makhleb
  6242 | D:11     | Reached skill level 11 in Axes
  6336 | D:11     | Noticed a purple ugly thing
  6347 | D:11     | Killed a purple ugly thing
  6685 | D:10     | Noticed Josephine
  6710 | D:10     | Killed Josephine
  6728 | D:10     | Found Coytud's Antique Weapon Shop.
  6857 | D:10     | Reached skill level 10 in Fighting
  7350 | D:13     | Reached XP level 12. HP: 110/116 MP: 11/11
  7364 | D:13     | Noticed Maurice
  7403 | D:13     | Killed Maurice
  7509 | D:13     | Noticed Nessos
  7524 | D:13     | Killed Nessos
  7688 | D:13     | Reached skill level 12 in Axes
  7723 | D:13     | Noticed a centaur warrior
  7723 | D:13     | Noticed a two-headed ogre
  7732 | D:13     | Killed a two-headed ogre
  7741 | D:13     | Killed a centaur warrior
  7804 | D:13     | Reached ****** piety under Makhleb
  7908 | D:14     | Noticed a two-headed ogre
  7914 | D:14     | Killed a two-headed ogre
  7989 | D:14     | Noticed a catoblepas
  8012 | D:14     | Killed a catoblepas
  8136 | D:14     | Found a gate to the Vaults.
  8136 | D:14     | Noticed a centaur warrior
  8136 | D:14     | Noticed a vault guard
  8136 | D:14     | Noticed a vault guard
  8136 | D:14     | Noticed a vault guard
  8136 | D:14     | Noticed a vault guard
  8148 | D:14     | Killed a centaur warrior
  8148 | D:14     | Reached XP level 13. HP: 93/127 MP: 12/12
  8158 | D:14     | Reached skill level 10 in Armour
  8158 | D:14     | Reached skill level 10 in Invocations
  8168 | D:14     | Reached skill level 13 in Axes
  8176 | D:14     | Reached skill level 10 in Shields
  8403 | D:14     | Noticed Rupert
  8423 | D:14     | Killed Rupert
  9010 | D:15     | Entered Level 15 of the Dungeon
  9097 | D:15     | Found a staircase to the Depths.
  9504 | D:15     | Found a sacrificial altar of Ru.
 10056 | D:15     | Reached skill level 14 in Axes
 10095 | D:15     | Gained mutation: You resist negative energy. (rN+) [Deep
                  | Dwarf growth]
 10095 | D:15     | Reached XP level 14. HP: 109/139 MP: 12/12
 10760 | Lair:1   | Entered Level 1 of the Lair of Beasts
 11305 | Lair:2   | Reached skill level 1 in Dodging
 12182 | Lair:3   | Found a staircase to the Swamp.
 12850 | Lair:4   | Found a staircase to the Snake Pit.
 12946 | Lair:4   | Found a gate leading to a gauntlet.
 12952 | Gauntlet | Entered a Gauntlet
 12952 | Gauntlet | Found a transporter.
 12952 | Gauntlet | Found a transporter.
 12956 | Gauntlet | Found a transporter.
 12956 | Gauntlet | Found a transporter.
 12958 | Gauntlet | Found a large runed translucent door.
 12959 | Gauntlet | Found a large runed translucent door.
 12960 | Gauntlet | Found a large runed translucent door.
 12960 | Gauntlet | Found a large runed translucent door.
 12960 | Gauntlet | Found a runed translucent door.
 12960 | Gauntlet | Found a runed translucent door.
 12961 | Gauntlet | Found a large runed translucent door.
 12961 | Gauntlet | Found a large runed translucent door.
 12961 | Gauntlet | Found a large runed translucent door.
 12961 | Gauntlet | Found a large runed translucent door.
 12962 | Gauntlet | Found a large runed translucent door.
 12963 | Gauntlet | Found a large runed translucent door.
 12965 | Gauntlet | Found a large runed translucent door.
 12965 | Gauntlet | Found a large runed translucent door.
 12966 | Gauntlet | Found a large runed translucent door.
 12966 | Gauntlet | Found a large runed translucent door.
 12966 | Gauntlet | Found a large runed translucent door.
 12968 | Gauntlet | Found a runed translucent gate.
 12968 | Gauntlet | Found a runed translucent gate.
 12968 | Gauntlet | Found a runed translucent gate.
 12970 | Gauntlet | Found a transporter.
 12980 | Gauntlet | Found a transporter.
 12980 | Gauntlet | Found a transporter.
 12982 | Gauntlet | Found a large runed translucent door.
 12984 | Gauntlet | Found a transporter.
 13011 | Gauntlet | Found a transporter.
 13018 | Gauntlet | Found a transporter.
 13036 | Gauntlet | Found a transporter.
 13081 | Gauntlet | Found a transporter.
 13097 | Gauntlet | Found a transporter.
 13184 | Gauntlet | Found a transporter.
 13198 | Gauntlet | Found a transporter.
 13213 | Gauntlet | Found a transporter.
 13377 | Gauntlet | Got a transparent lead ring
 13381 | Gauntlet | Identified the ring of False Pretenses {rPois rF- rN++
                  | SInv} (You found it in a Gauntlet)
 13446 | Gauntlet | Got a smoking platinum ring
 13454 | Gauntlet | Identified the ring "Oppipu" {*Drain +Blink Str+6 Int+2}
                  | (You found it in a Gauntlet)
 13461 | Gauntlet | Identified the amulet "Zyuqoip" {Acrobat rF+ Int-4 Stlth+}
 13675 | Snake:1  | Entered Level 1 of the Snake Pit
 14074 | Snake:1  | Found a frozen archway.
 14082 | IceCv    | Entered an ice cave
 14114 | IceCv    | Noticed a white very ugly thing
 14124 | IceCv    | Killed a white very ugly thing
 14124 | IceCv    | Reached skill level 15 in Axes
 14136 | IceCv    | Reached XP level 15. HP: 111/148 MP: 14/14
 14619 | Snake:4  | Entered Level 4 of the Snake Pit
 14620 | Snake:4  | Found Kusaqipn's Antique Weapon Emporium.
 14864 | Snake:4  | Reached skill level 5 in Dodging
 14867 | Snake:4  | Noticed a nagaraja
 14867 | Snake:4  | Noticed a nagaraja
 14890 | Snake:4  | Noticed a nagaraja
 14899 | Snake:4  | Killed a nagaraja
 14900 | Snake:4  | Killed a nagaraja
 14915 | Snake:4  | Killed a nagaraja
 14921 | Snake:4  | Noticed a nagaraja
 14929 | Snake:4  | Noticed a nagaraja
 14930 | Snake:4  | Reached XP level 16. HP: 82/158 MP: 14/14
 14942 | Snake:4  | Reached skill level 16 in Axes
 15237 | Snake:4  | Got a serpentine rune of Zot
 15371 | Snake:2  | Noticed Nikola
 15384 | Snake:2  | Killed Nikola
 15510 | Swamp:1  | Entered Level 1 of the Swamp
 16074 | Swamp:4  | Entered Level 4 of the Swamp
 16115 | Swamp:4  | Found the +2 hood of the Assassin {Detection Stab+ Stlth++}
 16315 | Swamp:4  | Got a decaying rune of Zot
 16332 | Swamp:4  | Reached skill level 10 in Evocations
 16332 | Swamp:4  | Noticed a thorn hunter
 16763 | Depths:1 | Entered Level 1 of the Depths
 16856 | Depths:1 | Reached XP level 17. HP: 157/168 MP: 12/12
 16890 | Depths:1 | Found a gateway to a ziggurat.
 16963 | Depths:1 | Reached skill level 17 in Axes
 17135 | Depths:1 | Reached skill level 15 in Fighting
 17145 | Depths:1 | Found Sass's Pet Rocks.
 17697 | Depths:3 | Found a gateway to Hell.
 17851 | Depths:4 | Got a spiked plate armour
 17863 | Depths:4 | Identified the +5 plate armour of Caxish {rElec rPois rCorr
                  | Int-4} (You found it on level 4 of the Depths)
 17915 | Depths:4 | Found a magical portal.
 17942 | Depths:5 | Entered Level 5 of the Depths
 18108 | Depths:4 | Noticed a juggernaut
 18128 | Depths:4 | Killed a juggernaut
 18128 | Depths:4 | Gained mutation: You passively map a large area around you.
                  | [Deep Dwarf growth]
 18128 | Depths:4 | Reached XP level 18. HP: 178/178 MP: 12/12
 18182 | Depths:4 | Got a faintly glowing glass ring
 18348 | Depths:4 | Reached skill level 18 in Axes
 18694 | Depths:4 | Found a one-way gate to the infinite horrors of the Abyss.
 18699 | Depths:4 | Reached skill level 15 in Invocations
 18843 | Depths:4 | Voluntarily entered the Abyss.
 19039 | Abyss:3  | Identified the ring "Igacorph" {*Slow rPois Str-3 Int+9
                  | Stlth-} (You found it on level 4 of the Depths)
 19219 | Abyss:3  | Noticed a lich
 19251 | Abyss:3  | Got an abyssal rune of Zot
 19254 | Abyss:3  | Noticed a Tzitzimitl
 19264 | Abyss:3  | Killed a lich
 19287 | Abyss:3  | Found a corrupted altar of Lugonu.
 19420 | Depths:4 | Escaped the Abyss
 19807 | Depths:5 | Noticed Mennas
 19832 | Depths:5 | HP: 9/182 [Mennas/+1 eudemon blade of holy wrath (16)]
 19866 | Depths:5 | Reached skill level 10 in Dodging
 19911 | Depths:5 | Killed Mennas
 20049 | Depths:5 | Noticed a juggernaut
 20072 | Depths:5 | Killed a juggernaut
 20087 | Depths:5 | Noticed Jory
 20094 | Depths:5 | HP: 1/183 [Jory/crystal spear (61)]
 20112 | Depths:5 | Reached XP level 19. HP: 108/190 MP: 10/10
 20144 | Depths:5 | Killed Jory
 20178 | Depths:5 | Noticed a juggernaut
 20213 | Depths:5 | Killed a juggernaut
 20235 | Depths:5 | Noticed a Tzitzimitl
 20286 | Depths:5 | Noticed a golden dragon
 20308 | Depths:5 | Killed a golden dragon
 20343 | Depths:5 | Found a gate to the Realm of Zot.
 20372 | Depths:5 | Reached skill level 15 in Armour
 20374 | Depths:5 | Reached skill level 15 in Shields
 20391 | Zot:1    | Entered Level 1 of the Realm of Zot
 20410 | Zot:1    | HP: 14/289 [storm dragon (16)]
 20410 | Zot:1    | HP: 1/289 [storm dragon (8)]
 20413 | Zot:1    | Slain by a green draconian monk

Illustrated notes

Levels and vault maps discovered:
D:1:      scummos_arrival_forest, layout_basic, minmay_tetromino_s2
D:2:      layout_rooms, nrook_mini_backslash, uniq_robin, uniq_terence
D:3:      layout_rooms, okawaru_altar_gauntlet_db
D:4:      layout_cave_pools, kennysheep_mini_moat
D:5:      layout_cave_pools, gammafunk_temple_overflow_wave,
          minmay_temple_entry_sparse_star, tgw_xom
D:6:      layout_basic, kennysheep_mini, fedhas_altar_4, uniq_prince_ribbit1
D:7:      minmay_flawed_box, layout_basic, nicolae_ashenzari_panopticon,
          uniq_duvessa
D:8:      layout_loops_ring, lair_entry_dummy, serial_shops, shop,
          minmay_misc_feat_room, minmay_misc_feat_nine_boxes
D:9:      layout_loops_ring, regret_index_temple_of_mockery, lemuel_round_altar,
          lemuel_coloured_pillars_altar, basic_altar, uniq_joseph
D:10:     layout_stronghold, serial_shops, shop, uniq_josephine
D:11:     layout_roguey
D:12:     layout_cross, kennysheep_orc_monster_closet_entryway, basic_altar
D:13:     layout_roguey, uniq_maurice, uniq_nessos
D:14:     layout_roguey, lightli_vaults_fourway_checkpoint, serial_rivers,
          chequers_serial_rivers_room_b, chequers_serial_rivers_room_a,
          chequers_serial_rivers_micro_b, chequers_serial_rivers_micro_d,
          chequers_serial_rivers_large_a, minmay_misc_feat_enclosed,
          grunt_ministairs_2, hangedman_cracks_in_the_wall, uniq_rupert
D:15:     gammafunk_depths_entry_grave, layout_layer_cave, serial_bayou_shore_a,
          nicolae_ru_awakened_eye
Temple:   cyrus_circular_temple
Lair:1:   layout_cave_shapes, infiniplex_staircase_pool, grunt_megastairs_1
Lair:2:   layout_cave_pods, fungi_pond_lemuel, grunt_megastairs_2
Lair:3:   layout_regular_city, minmay_swamp_entry_worms,
          chequers_serial_rivers_small_3, bobbens_dragon_lair_wall,
          grunt_megastairs_3
Lair:4:   layout_layer_cave, guppyfry_snake_entry_garden, gauntlet_entry_generic
Swamp:1:  layout_basic_swamp, evilmike_swamp_ruin_rubble_1
Swamp:2:  layout_falls_marsh, evilmike_swamp_ruin_house_4, swamp_pool1
Swamp:3:  layout_basic_swamp, nicolae_swamp_very_dense_foliage, swamp_pool3
Swamp:4:  swamp_fiery, layout_basic_swamp
Snake:1:  layout_grid_maze, serial_shops, shop, portal_ice_cave_entry_pillars_1
Snake:2:  dpeg_oklob_gauntlet, layout_cave_shapes, basic_altar,
          chequers_hall_statues_corner_a, uniq_nikola
Snake:3:  layout_honeycomb
Snake:4:  snake_pit, layout_rooms, serial_shops, shop, drop_trap
Depths:1: layout_roguey, enter_ziggurat_d, pf_coc_iceberg, guppyfry_shop_earth,
          uniq_asterion
Depths:2: minmay_angry_zag, layout_gridville, nicolae_trove_entry_free_sample,
          hell_entry, serial_shops, nicolae_shop_crystal, minivault_11,
          minmay_misc_feat_square, lemuel_nasty_fountain, uniq_aizul
Depths:3: minmay_the_grid_triangle_9x9_rhombus_thin_mashed
          [minmay_the_grid_triangle_9x9_empty,
          minmay_the_grid_triangle_9x9_prize_schism,
          minmay_the_grid_triangle_9x9_descending_squares,
          minmay_the_grid_triangle_9x9_zippers_vertical], layout_gridlike,
          pan_entry, serial_glass, glass_columns_b, glass_columns_c,
          glass_columns_b, glass_columns_c, glass_columns_a, glass_columns_c,
          feat_on_display, feat_on_display, item_on_display_b,
          due_unseen_surprise, minmay_holes, grunt_mini_vestibule
Depths:4: cross_vault, layout_basic, minmay_misc_feat_pillars,
          infiniplex_enter_wizlab_glasses, hell_entry,
          ploomutoo_gammafunk_ghost_potion_laboratory, abyss_entry,
          minmay_staircase_bubble
Depths:5: grunt_runaround [grunt_runaround_doors_1, grunt_runaround_doors_2,
          grunt_runaround_doors_3, grunt_runaround_doors_4,
          grunt_runaround_zot], hell_entry, uniq_mennas, uniq_jory
Zot:1:    layout_onion, ebering_ghost_reflecting_pool

Skill      XL: |  1  2  3  4  5  6  7  8  9 10 11 12 13 14 15 16 17 18 19 |
---------------+----------------------------------------------------------+-----
Fighting       | 3 4 5 6 7 8 10 11 12 13 14 15 16 17 | 17.4
Axes           | 3 4 5 6 7 8 10 11 12 14 15 16 17 18 | 18.0
Armour         | 4 5 6 7 8 9 10 11 12 13 14 15 | 15.1
Shields        | 4 5 6 7 8 9 10 11 12 13 14 15 | 15.0
Invocations    | 1 3 5 6 8 9 11 12 13 14 15 | 15.0
Evocations     | 2 4 5 6 8 10 | 10.0
Dodging        | 3 5 7 8 10 11 | 11.0

Action                   |  1- 3 |  4- 6 |  7- 9 | 10-12 | 13-15 | 16-18 | 19-21 || total
-------------------------+-------+-------+-------+-------+-------+-------+-------++-------
Melee: War axe           |   115 |   216 |   498 |   546 |   336 |       |       ||  1711
       Hand axe          |       |       |       |   182 |   125 |       |       ||   307
       Broad axe         |       |       |       |       |   807 |  1613 |   192 ||  2612
Invok: Lesser Servant of |       |       |       |       |     6 |       |       ||     6
       Greater Servant o |       |       |       |       |     1 |       |     1 ||     2
 Abil: Heal Wounds       |       |     2 |     9 |    14 |     9 |    36 |     5 ||    75
Evoke: Tin of tremorston |       |       |       |       |     8 |    10 |     2 ||    20
       Wand              |       |       |       |       |     2 |    16 |     7 ||    25
  Use: Scroll            |       |       |    10 |     9 |    14 |    11 |       ||    44
       Potion            |       |       |     1 |     1 |     4 |     8 |     3 ||    17
 Stab: Petrified         |       |       |       |     6 |       |     7 |       ||    13
       Distracted        |       |       |       |       |     3 |       |       ||     3
       Confused          |       |       |       |       |       |     1 |     2 ||     3
       Petrifying        |       |       |       |       |       |     1 |       ||     1
       Sleeping          |       |       |       |       |       |     1 |       ||     1
Armor: Scale mail        |    71 |     3 |       |       |       |       |       ||    74
       Chain mail        |       |   152 |   334 |   149 |       |       |       ||   635
       Skin              |       |       |       |    37 |       |       |       ||    37
       Plate armour      |       |       |       |   217 |   779 |   969 |   167 ||  2132
Dodge: Dodged            |    50 |    54 |   150 |   185 |   288 |   515 |   101 ||  1343
Block: Kite shield       |    71 |   149 |   310 |   463 |   101 |       |       ||  1094
       Tower shield      |       |       |       |       |  1124 |  1599 |   244 ||  2967

Table legend: (Time is in decaauts)
 A = Elapsed time spent in this place.
 B = Non-inter-level travel time spent in this place.
 C = Inter-level travel time spent in this place.
 D = Time resting spent in this place.
 E = Time spent auto-exploring this place.
 F = Levels seen in this place.
 G = Mean time per level.
                   A        B        C        D        E       F      G
               +--------+--------+--------+--------+--------+-----+--------+
         Total |  20359 |  18805 |   1554 |    377 |  11056 |  39 |  522.0 |
       Dungeon |  11094 |  10227 |    867 |    123 |   6680 |  15 |  739.6 |
        Temple |     70 |     47 |     23 |      0 |     42 |   1 |   70.0 |
          Lair |   2486 |   2299 |    187 |      0 |   1730 |   4 |  621.5 |
         Swamp |   1006 |    864 |    142 |      0 |    249 |   4 |  251.5 |
     Snake Pit |   1675 |   1466 |    209 |      0 |    791 |   4 |  418.8 |
        Depths |   2859 |   2736 |    123 |    239 |   1108 |   5 |  571.8 |
           Zot |     21 |     21 |      0 |      0 |      0 |   1 |   21.0 |
         Abyss |    547 |    547 |      0 |     15 |     92 |   3 |  182.3 |
      Ice Cave |     70 |     70 |      0 |      0 |      8 |   1 |   70.0 |
      Gauntlet |    529 |    529 |      0 |      0 |    355 |   1 |  529.0 |
               +--------+--------+--------+--------+--------+-----+--------+

Top non-repeatable levels by time:
    D:15: 1577 daAuts
    D:14: 1208 daAuts
Depths:4: 1089 daAuts
  Lair:3: 1000 daAuts
     D:9: 979 daAuts
  Lair:2: 952 daAuts
     D:7: 840 daAuts
Depths:5: 836 daAuts
    D:11: 801 daAuts
     D:6: 750 daAuts
    D:10: 721 daAuts
     D:5: 711 daAuts
Depths:1: 668 daAuts
 Snake:4: 649 daAuts
    D:13: 611 daAuts
